 Dungeon Crawl Stone Soup version 0.31-a0-564-g3b7de120b3 (webtiles) character file.

Game seed: 16133817310673305966

203 lunkers the Insei (level 6, -6/47 HPs)
             Began as a Meteoran Shapeshifter on Aug 17, 2023.
             Was an Initiate of Makhleb.
             Mangled by a gnoll
             ... wielding a +0 halberd
              (9 damage)
             ... on level 3 of the Dungeon.
             The game lasted 00:06:14 (1082 turns).

lunkers the Insei (Meteoran Shapeshifter)           Turns: 1082, Time: 00:06:14

Health: -6/47      AC:  5    Str: 17    XL:     6   Next: 30%
Magic:  7/7        EV: 11    Int:  9    God:    Makhleb [......]
Gold:   177        SH:  0    Dex: 17    Spells: 5/5 levels left

rFire   . .          .
                       - Unarmed
rCold   . . .        (no shield)
rNeg    + . .        k - +0 ring mail
rPois   .            (helmet currently unavailable)
rElec   .            (cloak currently unavailable)
rCorr   .            (gloves currently unavailable)
SInv    .            (boots currently unavailable)
Will    .....        (no amulet)
Stlth   +            o - +4 ring of slaying
HPRegen 0.27/turn    g - ring of positive energy
MPRegen 0.10/turn

%: no passive effects
@: beast-form, glowing
A: beast (slay +3), sense surroundings 1, otherworldly, glowing, explore regen
a: Begin Untransformation, Renounce Religion


You were on level 3 of the Dungeon.
You worshipped Makhleb.
Makhleb was noncommittal.
You were a hulking beast.
You visited 1 branch of the dungeon, and saw 3 of its levels.

You collected 177 gold pieces.

Inventory:

Armour
 a - a +0 animal skin
 k - a +0 ring mail (worn)
Jewellery
 g - a ring of positive energy (right hand)
 j - a +6 ring of intelligence
 o - a +4 ring of slaying (left hand)
Talismans
 c - a beast talisman (active)
 d - a flux talisman
Scrolls
 b - a scroll of fog
 l - a scroll of blinking {unknown}
 m - a scroll of teleportation {unknown}
Potions
 f - a potion of ambrosia {unknown}
 h - 3 potions of curing {unknown}
 i - a potion of degeneration {unknown}
 n - a potion of berserk rage {unknown}


   Skills:
 - Level 1.1 Fighting
 - Level 2.1 Dodging
 * Level 6.5 Unarmed Combat
 + Level 4.8 Shapeshifting


You had 5 spell levels left.
You didn't know any spells.
Your spell library contained the following spells:

 Spells                   Type           Power      Damage    Failure   Level
 Magic Dart               Conj           0%         1d3       58%         1
 Call Imp                 Summ           0%         N/A       75%         2
 Scorch                   Fire           0%         2d5       75%         2
 Mephitic Cloud           Conj/Pois/Air  0%         N/A       92%         3
 Flame Wave               Conj/Fire      0%         2d4       100%        4
 Summon Cactus Giant      Summ           0%         N/A       100%        6


Dungeon Overview and Level Annotations

Branches:
Dungeon (3/15) Zot: 732

Altars:
Makhleb

Shops:
D:1 (


Innate Abilities, Weirdness & Mutations

You are a hulking beast.
Your limbs bulge with bestial killing power. (Slay +3)
You passively map a small area around you.
You are easily found by Zot.
You glow in the dark.
You regain HP and MP as you explore.


Message History

The orc barely misses you. Something hits you but does no damage.
The gnoll barely misses you.
You barely miss the gnoll. The orc misses you. Something hits you.
The gnoll barely misses you. The gnoll hits you with a +0 halberd!
You punch the gnoll!
You kill the gnoll!
Makhleb accepts your kill. Something hits you but does no damage.
The orc hits you from afar with a +0 trident.
The gnoll hits you with a +0 halberd.
There are monsters nearby!
Unknown command.
The gnoll attacks as you move away! The gnoll closely misses you.
Something hits you.
The gnoll hits you from afar with a +0 halberd!
* * * LOW HITPOINT WARNING * * *
You see here a +3 whip.
Something hits you.
* * * LOW HITPOINT WARNING * * *
You punch the gnoll!
The gnoll is severely wounded.
You punch the gnoll!
You kill the gnoll!
Makhleb accepts your kill.
The gnoll hits you from afar with a +0 halberd!
* * * LOW HITPOINT WARNING * * *
The orc hits you from afar with a +0 trident.
* * * LOW HITPOINT WARNING * * *
Something hits you.
* * * LOW HITPOINT WARNING * * *
As you read the scroll labelled VESHRUS TANN, it dissolves into smoke.
It was a scroll of fog.
Something hits you.
* * * LOW HITPOINT WARNING * * *
The gnoll hits you from afar with a +0 halberd.
* * * LOW HITPOINT WARNING * * *
Nothing appears to happen.
As you read the scroll labelled URRELI VONYAKK, it crumbles to dust.
It was a scroll of poison.
Something hits you but does no damage.
The gnoll hits you from afar with a +0 halberd!
You die...

#.#.# #.#
#########.#.#####.#####
......†................
###.#.#####.#.#####...... ,
,.................'...>.. #
####.#.#####.#.###.#>#.#..
.........#####.#....†.....##
....##..o##§§§.....#.#.#.#..
..).....gg{h§§............##
, #..##)o.##§§#.#...#.#.#.##
#...o...##§§#.#..........#
.'...#...##..#.....#.#.#.##
*
.#..,#...##..#.#..........#
, ... .....#..#.#...#.#.#.##
, .# .##...#..#.#.##.......#
* ..*#......#.#.###.#.#.## ,
.. ##.##...............#


You could see a gnoll.

Vanquished Creatures
  Terence (D:2)
  2 orc wizards (D:3)
  3 adders (D:2)
  3 gnolls
  A worm (D:2)
  2 dart slugs
  5 orcs (D:3)
  7 ball pythons
  5 bats
  4 endoplasms
  2 giant cockroaches
  8 hobgoblins
  3 quokkas
  2 frilled lizards (D:2)
  3 goblins
  6 kobolds
  5 rats
62 creatures vanquished.

Notes
Turn   | Place    | Note
-------+----------+-------------------------------------------
     0 | D:1      | lunkers the Meteoran Shapeshifter began the quest for the
                  | Orb.
     0 | D:1      | Reached XP level 1. HP: 16/16 MP: 2/2
    83 | D:1      | Reached skill level 4 in Unarmed Combat
    83 | D:1      | Reached XP level 2. HP: 8/23 MP: 3/3
   153 | D:1      | Reached XP level 3. HP: 28/28 MP: 4/4
   222 | D:1      | Found Xaruz's Weapon Boutique.
   399 | D:2      | Reached XP level 4. HP: 28/35 MP: 5/5
   408 | D:2      | Reached skill level 5 in Unarmed Combat
   530 | D:2      | Noticed Terence
   545 | D:2      | Killed Terence
   546 | D:2      | Reached XP level 5. HP: 35/40 MP: 6/6
   736 | D:3      | Reached skill level 6 in Unarmed Combat
   750 | D:3      | Reached XP level 6. HP: 24/47 MP: 7/7
   979 | D:3      | Found a burning altar of Makhleb.
   997 | D:3      | Became a worshipper of Makhleb the Destroyer
  1081 | D:3      | HP: 2/47 [gnoll/+0 halberd (6)]
  1082 | D:3      | Mangled by a gnoll

Illustrated notes

Levels and vault maps discovered:
D:1:      amcnicky_arrival_abandoned_market, layout_basic, serial_shops,
          nicolae_shop_tiny_statue_garden
D:2:      layout_rooms, serial_corexii_hall, corexii_hall_statues_i,
          chequers_hall_statues_y, minmay_misc_feat_rows,
          ebering_dispersal_statue_hall, uniq_terence
D:3:      layout_basic, lemuel_round_altar, corexii_shack, st_stairs_12

Skill      XL: |  1  2  3  4  5 |
---------------+----------------+-----
Unarmed Combat | 4 5 6 |  6.5
Shapeshifting  | 4 |  4.8
Fighting       | |  1.1
Dodging        | |  2.1

Action                     |  1- 3 |  4- 6 || total
---------------------------+-------+-------++-------
  Melee: Unarmed           |    52 |    77 ||   129
         Punch             |     1 |     3 ||     4
    Use: Potion            |       |     1 ||     1
         Scroll            |       |     2 ||     2
 Armour: Animal skin       |    11 |     1 ||    12
         Skin              |       |     3 ||     3
         Ring mail         |       |    13 ||    13
  Dodge: Dodged            |    24 |    29 ||    53

Table legend: (Time is in decaauts)
 A = Elapsed time spent in this place.
 B = Non-inter-level travel time spent in this place.
 C = Inter-level travel time spent in this place.
 D = Time resting spent in this place.
 E = Time spent auto-exploring this place.
 F = Levels seen in this place.
 G = Mean time per level.
                   A        B        C        D        E       F      G
               +--------+--------+--------+--------+--------+-----+--------+
         Total |   1066 |   1042 |     24 |     11 |    591 |   3 |  355.3 |
       Dungeon |   1066 |   1042 |     24 |     11 |    591 |   3 |  355.3 |
               +--------+--------+--------+--------+--------+-----+--------+

Top non-repeatable levels by time:
     D:2: 421 daAuts
     D:3: 352 daAuts
     D:1: 292 daAuts
